 Dungeon Crawl Stone Soup version 0.28-a0-850-g09de17f5b5 (webtiles) character file.

Game seed: 11246646369277380152

1141 vurker the Gusty (level 7, 0/57 HPs)
             Began as a Demigod Air Elementalist on Nov 13, 2021.
             Slain by a killer bee (4 damage)
             ... on level 5 of the Dungeon.
             The game lasted 00:06:12 (5341 turns).

vurker the Gusty (Demigod Air Elementalist)         Turns: 5341, Time: 00:06:13

Health: 0/57       AC:  4    Str:  9    XL:     7   Next: 92%
Magic:  4/18       EV: 12    Int: 25    God:
Gold:   213        SH:  0    Dex: 14    Spells: 11/16 levels left

rFire   . . .      SeeInvis .   p - staff of poison
rCold   . . .      Faith    .   (no shield)
rNeg    . . .      Spirit   .   a - +0 robe
rPois   +          Reflect  .   (no helmet)
rElec   .          Harm     .   (no cloak)
rCorr   .          Rampage  .   e - +0 pair of gloves
Will    .....                   k - +0 pair of boots
Stlth   ++........              (no amulet)
HPRegen 0.19/turn               (no ring)
MPRegen 0.16/turn               (no ring)

@: no status effects
A: high mp 1, forlorn
a: no special abilities


You were on level 5 of the Dungeon.
You visited 1 branch of the dungeon, and saw 5 of its levels.

You collected 213 gold pieces.

Inventory:

Hand Weapons
 b - a +0 dagger
   (You took it off a goblin on level 1 of the Dungeon)
Armour
 a - a +0 robe (worn)
 e - a +0 pair of gloves (worn)
   (You found it on level 1 of the Dungeon)
 k - a +0 pair of boots (worn)
   (You found it on level 4 of the Dungeon)
Magical Staves
 o - a staff of conjuration
   (You found it on level 5 of the Dungeon)
 p - a staff of poison (weapon)
   (You found it on level 5 of the Dungeon)
Scrolls
 c - a scroll of fog {unknown}
 d - 3 scrolls of identify
 g - a scroll of amnesia
 h - a scroll of immolation {unknown}
 l - a scroll of silence {unknown}
 m - a scroll of vulnerability {unknown}
 n - a scroll of teleportation {unknown}
Potions
 f - a potion of flight {unknown}
 i - a potion of degeneration


   Skills:
 + Level 3.2 Fighting
 - Level 1.7 Dodging
 - Level 1.7 Stealth
 * Level 5.1 Spellcasting
 - Level 3.0 Conjurations
 * Level 5.9 Air Magic


You had 11 spell levels left.
You knew the following spells:

 Your Spells              Type           Power      Damage    Failure   Level
a - Shock                 Conj/Air       100%       1d9       1%          1
c - Airstrike             Air            18%        N/A       7%          4

Your spell library contained the following spells:

 Spells                   Type           Power      Damage    Failure   Level
 Static Discharge         Conj/Air       28%        N/A       1%          2
 Swiftness                Air            36%        N/A       2%          3
 Dazzling Flash           Conj/Hex       26%        N/A       13%         3
 Iskenderun's Mystic Bla  Conj/Tloc      13%        2d5       41%         4
 Starburst                Conj/Fire      6%         6d4       100%        6


Dungeon Overview and Level Annotations

Branches:
Dungeon (5/15)
 Temple: D:4-7

Shops:
D:4 :


Innate Abilities, Weirdness & Mutations

Your attributes grow dramatically as you level up.
You have an increased reservoir of magic. (+10% MP)
You shall have no god before yourself.


Message History

As you read the scroll labelled PUFUSTRAAST, it crumbles to dust.
It is a scroll of identify.
i - a potion of degeneration The killer bee misses you.
The killer bee stings you.
* * * LOW HITPOINT WARNING * * *
As you read the scroll labelled IWNEOC UKOTRE, it crumbles to dust.
It is a scroll of amnesia.
Really abort (and waste the scroll)?
Okay, then.
The killer bee barely misses you.
The killer bee stings you but does no damage.
Your magical contamination has completely faded away.
Okay, then.
Aim: a killer bee (severely wounded, 48% to hit)
The zap misses the killer bee. x2; The killer bee stings you!
* * * LOW HITPOINT WARNING * * *
You are poisoned.
The killer bee poisons you! The killer bee stings you.
* * * LOW HITPOINT WARNING * * *
You feel better. The killer bee stings you.
* * * LOW HITPOINT WARNING * * *
The killer bee barely misses you.
Aim: a killer bee (severely wounded, 48% to hit)
The zap hits the killer bee.
The zap hits the killer bee but does no damage.
The zap hits the adder.
The killer bee barely misses you. The killer bee misses you.
Aim: a killer bee (almost dead, 48% to hit)
The zap hits the killer bee.
You kill the killer bee!
The zap hits the killer bee.
The zap hits the adder.
The killer bee stings you.
* * * LOW HITPOINT WARNING * * *
Your Spellcasting skill increases to level 5!
Aim: a killer bee (heavily wounded, 48% to hit)
The zap hits the killer bee. x2
You kill the killer bee!
The zap hits the adder.
The killer bee misses you. The killer bee barely misses you.
Aim: a killer bee (severely wounded, 48% to hit)
The zap hits the killer bee.
The zap hits the adder.
You kill the adder!
The killer bee stings you.
* * * LOW HITPOINT WARNING * * *
The killer bee barely misses you.
Aim: a killer bee (almost dead, 48% to hit)
The zap hits the killer bee.
The zap misses the killer bee.
The killer bee stings you.
* * * LOW HITPOINT WARNING * * *
The killer bee stings you.
You die...

...)........# ##..#
............## ###..##
.............# ##...##
.............## ###[.###
..............# ###...##
...............# ##...#######
...............####..#####...##
..............###...## #.....#
.............yy@..### #.....##
.............###..## #......#
#..........## ##..## #......#
##.......## ##..## #....... #
####..y## #...## ##......
#######.y### ###....# #......
....##..## #......## ##.....
.......## #.......## #.....
.......# #........###.....


You could see 2 killer bees.

Vanquished Creatures
  A necrophage (D:4)
  A black bear (D:4)
  2 ogres (D:4)
  A scorpion (D:5)
  3 killer bees (D:5)
  A gnoll shaman (D:5)
  2 bullfrog skeletons
  A centaur zombie (D:4)
  An orc priest (D:5)
  A hound (D:5)
  A centaur skeleton (D:5)
  An orc wizard (D:5)
  5 scorpion zombies (D:4)
  3 hound skeletons (D:4)
  2 howler monkey zombies (D:4)
  8 gnolls
  A howler monkey skeleton (D:4)
  5 adders
  3 adder zombies (D:4)
  An adder skeleton (D:4)
  A worm (D:3)
  2 dart slugs
  3 orcs (D:5)
  5 endoplasms
  2 giant cockroaches (D:1)
  8 goblins
  4 hobgoblins
  7 ball pythons
  5 bats
  2 frilled lizards
  6 kobolds
  4 rats
93 creatures vanquished.

Vanquished Creatures (others)
  4 withered plants (D:4)
4 creatures vanquished.

Grand Total: 97 creatures vanquished

Notes
Turn   | Place    | Note
-------+----------+-------------------------------------------
     0 | D:1      | vurker the Demigod Air Elementalist began the quest for the
                  | Orb.
     0 | D:1      | Reached XP level 1. HP: 14/14 MP: 5/5
    68 | D:1      | Reached skill level 1 in Conjurations
   143 | D:1      | You fall into a shaft and drop 1 floor!
   204 | D:2      | Reached XP level 2. HP: 8/22 MP: 0/7
   582 | D:2      | Reached XP level 3. HP: 12/27 MP: 0/9
  1706 | D:2      | Reached skill level 1 in Fighting
  2739 | D:4      | Reached XP level 4. HP: 35/35 MP: 3/10
  3309 | D:4      | Noticed a black bear
  3350 | D:4      | Reached XP level 5. HP: 40/40 MP: 0/12
  3701 | D:4      | Killed a black bear
  3739 | D:4      | Noticed a necrophage
  3749 | D:4      | Killed a necrophage
  3750 | D:4      | Reached XP level 6. HP: 44/48 MP: 7/14
  3849 | D:4      | Found Laiqo's Book Boutique.
  3970 | D:4      | Learned a level 4 spell: Airstrike
  4481 | D:4      | Reached XP level 7. HP: 44/56 MP: 7/16
  4482 | D:4      | Reached skill level 5 in Air Magic
  4828 | D:5      | Entered Level 5 of the Dungeon
  5339 | D:5      | Reached skill level 5 in Spellcasting
  5341 | D:5      | Slain by a killer bee

Illustrated notes

Levels and vault maps discovered:
D:1:      dpeg_arrival_oval, layout_basic
D:2:      layout_loops_ring
D:3:      layout_basic, hellmonk_ecumenical_altar_arch_garden
D:4:      layout_basic, old_standard_altar, serial_shops, shop, serial_undead,
          serial_undead_d, serial_undead_c, serial_undead_c, serial_undead_a,
          serial_undead_f, serial_undead_d, serial_undead_c, nrook_campfire,
          amethyst_killhole, st_stairs_5, chequers_mini_garden
D:5:      layout_cave_pods

Skill      XL: |  1  2  3  4  5  6  7 |
---------------+----------------------+-----
Conjurations   | 1 2 3 |  3.0
Spellcasting   | 2 3 4 5 |  5.1
Air Magic      | 3 4 5 |  5.9
Fighting       | 1 2 3 |  3.2
Dodging        | |  1.7
Stealth        | |  1.7

Action                   |  1- 3 |  4- 6 |  7- 9 || total
-------------------------+-------+-------+-------++-------
Melee: Dagger            |     8 |     1 |       ||     9
 Cast: Shock             |    87 |   134 |    55 ||   276
  Use: Scroll            |       |       |     2 ||     2
       Potion            |       |       |     2 ||     2
 Stab: Sleeping          |     1 |       |       ||     1
Armor: Robe              |     1 |     9 |     5 ||    15
Dodge: Dodged            |    14 |    34 |    18 ||    66

Table legend: (Time is in decaauts)
 A = Elapsed time spent in this place.
 B = Non-inter-level travel time spent in this place.
 C = Inter-level travel time spent in this place.
 D = Time resting spent in this place.
 E = Time spent auto-exploring this place.
 F = Levels seen in this place.
 G = Mean time per level.
                   A        B        C        D        E       F      G
               +--------+--------+--------+--------+--------+-----+--------+
         Total |   5343 |   5200 |    143 |    162 |   4358 |   5 | 1068.6 |
       Dungeon |   5343 |   5200 |    143 |    162 |   4358 |   5 | 1068.6 |
               +--------+--------+--------+--------+--------+-----+--------+

Top non-repeatable levels by time:
     D:4: 1661 daAuts
     D:2: 1285 daAuts
     D:3: 1177 daAuts
     D:1: 707 daAuts
     D:5: 512 daAuts
